[Event "3rd BSSZ-Aranytiz GM 2019"]
[Site "Budapest"]
[Date "2019.08.21"]
[Round "5.2"]
[White "Horvath, Dominik"]
[Black "Csonka, Balazs"]
[Result "1/2-1/2"]
[ECO "A18"]
[WhiteElo "2425"]
[BlackElo "2472"]
[Annotator "ChessBase"]
[PlyCount "44"]
[EventDate "2019.08.16"]
[EventType "tourn"]
[EventCountry "HUN"]
[SourceTitle "playchess.com"]
[Source "ChessBase"]
[SourceQuality "1"]
[TimeControl "40/5400+30:1800+30"]

1. c4 Nf6 2. Nc3 e6 3. e4 d5 4. cxd5 exd5 5. e5 Ne4 6. Nf3 Bf5 7. d3 Nxc3 8. bxc3 c5 9. d4 Nc6 10. Bd3 Bxd3 11. Qxd3 cxd4 12. Nxd4 Nxd4 13. cxd4 Bb4+ 14. Ke2 O-O 15. Rb1 Ba5 16. Ba3 Re8 17. Rxb7 Qc8 18. Rb5 Qg4+ 19. Kf1 Bb6 20. f3 Qxd4 21. Qxd4 Bxd4 22. Rxd5 Bxe5 1/2-1/2

[Event "3rd BSSZ-Aranytiz GM 2019"]
[Site "Budapest"]
[Date "2019.08.21"]
[Round "5.3"]
[White "Aczel, Gergely"]
[Black "Akshat, Khamparia"]
[Result "1-0"]
[ECO "E10"]
[WhiteElo "2538"]
[BlackElo "2393"]
[Annotator "ChessBase"]
[PlyCount "139"]
[EventDate "2019.08.16"]
[EventType "tourn"]
[EventCountry "HUN"]
[SourceTitle "playchess.com"]
[Source "ChessBase"]
[SourceQuality "1"]
[TimeControl "40/5400+30:1800+30"]

1. d4 Nf6 2. c4 e6 3. Nf3 c5 4. d5 exd5 5. cxd5 Bd6 6. Nc3 Bc7 7. d6 Ba5 8. Bg5 h6 9. Bh4 Qb6 10. Rb1 Ne4 11. Qd3 f5 12. Nd2 Qxd6 13. Ndxe4 Qxd3 14. exd3 fxe4 15. dxe4 Nc6 16. Bc4 b5 17. Bxb5 Rb8 18. O-O Nd4 19. Bd3 Kf7 20. Bg3 Rb4 21. a3 Rb7 22. Nd5 Nb3 23. Rfd1 Re8 24. Bf4 g5 25. Be3 d6 26. f3 Be6 27. Ba6 Rbb8 28. Rd3 Bd8 29. Bc4 Na5 30. Ba2 c4 31. Rdd1 Rb7 32. Nb4 Be7 33. Rbc1 Rc8 34. Bd4 Bf8 35. Kf2 Rbc7 36. Rc3 Bd7 37. Rdc1 Ba4 38. Nd5 Rb7 39. Nb4 Rbc7 40. Nd5 Rc6 41. Re3 Bb3 42. Bb1 Nb7 43. Nb4 R6c7 44. Bc2 Nc5 45. Bxc5 dxc5 46. Nd5 Rb7 47. e5 Ke6 48. Nc3 Rd7 49. Re2 Bg7 50. g3 a6 51. Bg6 Rd4 52. Rce1 Rf8 53. Kg2 Ke7 54. Rf1 Ke6 55. Bh5 Ke7 56. Rfe1 Ke6 57. Bg4+ Ke7 58. h4 gxh4 59. gxh4 h5 60. Bxh5 Rh8 61. Bg4 Rxh4 62. Ne4 Bd1 63. Rd2 Ba4 64. Rde2 Bd1 65. Rf2 Rxg4+ 66. fxg4 Bxg4 67. Nxc5 Rd5 68. Nxa6 Bxe5 69. Nb4 Rc5 70. Rxe5+ 1-0

[Event "3rd BSSZ-Aranytiz GM 2019"]
[Site "Budapest"]
[Date "2019.08.21"]
[Round "5.4"]
[White "Kozak, Adam"]
[Black "Farago, Ivan"]
[Result "1-0"]
[ECO "A05"]
[WhiteElo "2495"]
[BlackElo "2350"]
[Annotator "ChessBase"]
[PlyCount "123"]
[EventDate "2019.08.16"]
[EventType "tourn"]
[EventCountry "HUN"]
[SourceTitle "playchess.com"]
[Source "ChessBase"]
[SourceQuality "1"]
[TimeControl "40/5400+30:1800+30"]

1. Nf3 Nf6 2. g3 c5 3. c4 Nc6 4. Nc3 d5 5. d4 e6 6. cxd5 Nxd5 7. Bg2 Be7 8. O-O O-O 9. Nxd5 exd5 10. dxc5 Bxc5 11. a3 Bf5 12. b4 Bb6 13. Bb2 Be4 14. Qd2 Qe7 15. Rfd1 Rad8 16. Qg5 f6 17. Qf4 Rfe8 18. Rac1 a6 19. Qg4 Qf7 20. Qf4 Qe7 21. Qd2 Qf7 22. Re1 Ne5 23. Bd4 Nc4 24. Qc3 Bxd4 25. Nxd4 Bxg2 26. Kxg2 Qg6 27. a4 Qe4+ 28. Kg1 Rc8 29. Nf3 Nd6 30. Qb3 Rxc1 31. Rxc1 Nc4 32. Rd1 Rc8 33. a5 Qxe2 34. Rxd5 Qe6 35. Rd4 Rc6 36. Rd8+ Kf7 37. Qd3 Rd6 38. Rxd6 Nxd6 39. Qxh7 Qd5 40. Qh3 Ke7 41. Qg4 g6 42. Nd4 Ne4 43. Nc2 Ng5 44. Ne1 Qe5 45. Kf1 Qd5 46. Kg1 Qe5 47. Kf1 Qd5 48. Qe2+ Kf7 49. Qd3 Qh1+ 50. Ke2 Qc6 51. h4 Ne4 52. Nf3 Nc3+ 53. Kf1 Nd5 54. Qb3 Qe6 55. Kg1 Qe4 56. Nd2 Qe1+ 57. Nf1 Ke6 58. Qc2 Qxb4 59. Qxg6 Qxa5 60. Qg8+ Kd6 61. Qf8+ Ke6 62. Qc8+ 1-0

[Event "3rd BSSZ-Aranytiz GM 2019"]
[Site "Budapest"]
[Date "2019.08.21"]
[Round "5.5"]
[White "Secheres, Adrian-Simion"]
[Black "Polyik, Peter"]
[Result "1-0"]
[ECO "B47"]
[WhiteElo "2394"]
[BlackElo "2328"]
[Annotator "NA"]
[PlyCount "89"]
[EventDate "2019.08.16"]
[EventType "tourn"]
[EventCountry "HUN"]
[SourceTitle "playchess.com"]
[Source "ChessBase"]
[SourceQuality "1"]
[TimeControl "40/5400+30:1800+30"]

1. e4 c5 2. Nf3 e6 3. d4 cxd4 4. Nxd4 Nc6 5. Nc3 Qc7 6. Qd3 Nf6 7. Ndb5 Qb8 8. Qg3 d6 9. Be3 a6 10. Nd4 Bd7 11. Be2 b5 12. a3 h5 13. f3 Be7 14. Nxc6 Bxc6 15. O-O Qb7 16. Rfd1 h4 17. Qf2 Rc8 18. Qf1 Qb8 19. Bd4 Bd8 20. Bd3 Bc7 21. Re1 e5 22. Be3 Bb6 23. Bxb6 Qxb6+ 24. Qf2 Qxf2+ 25. Kxf2 Ke7 26. b4 Bb7 27. Nd1 Nh5 28. Ne3 Nf4 29. Bf1 g6 30. a4 Rb8 31. axb5 axb5 32. Ra7 Kf6 33. Rd1 Rhd8 34. Ra5 Bc6 35. Ra6 Rbc8 36. Rb6 Ne6 37. Ra1 Be8 38. Raa6 Nd4 39. Bd3 Ke6 40. Ra3 Rc6 41. Rb7 Rcc8 42. c3 Nc6 43. Bxb5 Ra8 44. Rxa8 Rxa8 45. Nd5 {[%emt 0:00:10] Kxd5} 1-0

[Event "3rd BSSZ-Aranytiz GM 2019"]
[Site "Budapest"]
[Date "2019.08.22"]
[Round "6.1"]
[White "Martinovici, Ilie"]
[Black "Polyik, Peter"]
[Result "1-0"]
[ECO "D18"]
[WhiteElo "2405"]
[BlackElo "2328"]
[Annotator "NA"]
[PlyCount "67"]
[EventDate "2019.08.16"]
[EventType "tourn"]
[EventCountry "HUN"]
[SourceTitle "playchess.com"]
[Source "ChessBase"]
[SourceQuality "1"]
[TimeControl "40/5400+30:1800+30"]

1. d4 d5 2. c4 c6 3. Nf3 Nf6 4. Nc3 dxc4 5. a4 Bf5 6. e3 e6 7. Bxc4 Bb4 8. O-O O-O 9. Qb3 Qb6 10. Nh4 Nbd7 11. Nxf5 exf5 12. Qc2 g6 13. Bd2 a5 14. Rad1 Qc7 15. Bc1 Rad8 16. f3 Nb6 17. Bb3 Qe7 18. e4 c5 19. exf5 cxd4 20. Ne4 Nxe4 21. fxe4 d3 22. Rxd3 Qc5+ 23. Kh1 Qxc2 24. Bxc2 Rxd3 25. Bxd3 Nxa4 26. Bc4 Rc8 27. b3 Nb6 28. fxg6 Nxc4 29. gxf7+ Kg7 30. bxc4 Rxc4 31. e5 Rc7 32. e6 Rc6 33. Bd2 Be7 34. Bg5 1-0

[Event "3rd BSSZ-Aranytiz GM 2019"]
[Site "Budapest"]
[Date "2019.08.22"]
[Round "6.2"]
[White "Farago, Ivan"]
[Black "Secheres, Adrian-Simion"]
[Result "1/2-1/2"]
[ECO "E73"]
[WhiteElo "2350"]
[BlackElo "2394"]
[Annotator "NA"]
[PlyCount "39"]
[EventDate "2019.08.16"]
[EventType "tourn"]
[EventCountry "HUN"]
[SourceTitle "playchess.com"]
[Source "ChessBase"]
[SourceQuality "1"]
[TimeControl "40/5400+30:1800+30"]

1. d4 Nf6 2. c4 g6 3. Nc3 Bg7 4. e4 d6 5. Be2 O-O 6. Bg5 c5 7. d5 h6 8. Bf4 e6 9. dxe6 Bxe6 10. Bxd6 Re8 11. Nf3 Qb6 12. Bxb8 Raxb8 13. Qc2 Nh5 14. g3 Bh3 15. O-O-O Bxc3 16. Qxc3 Rxe4 17. Rhe1 Rbe8 18. Bd3 Rxe1 19. Rxe1 Rd8 20. Ne5 1/2-1/2

[Event "3rd BSSZ-Aranytiz GM 2019"]
[Site "Budapest"]
[Date "2019.08.22"]
[Round "6.3"]
[White "Akshat, Khamparia"]
[Black "Kozak, Adam"]
[Result "0-1"]
[ECO "E32"]
[WhiteElo "2393"]
[BlackElo "2495"]
[Annotator "ChessBase"]
[PlyCount "86"]
[EventDate "2019.08.16"]
[EventType "tourn"]
[EventCountry "HUN"]
[SourceTitle "playchess.com"]
[Source "ChessBase"]
[SourceQuality "1"]
[TimeControl "40/5400+30:1800+30"]

1. d4 Nf6 2. c4 e6 3. Nc3 Bb4 4. Qc2 b6 5. a3 Bxc3+ 6. Qxc3 Bb7 7. Nf3 O-O 8. g3 d5 9. Bg2 dxc4 10. Qxc4 Nbd7 11. O-O Bd5 12. Qa4 c5 13. Be3 c4 14. Bh3 a6 15. Nd2 b5 16. Qc2 Re8 17. Rfe1 Qb6 18. f3 e5 19. Qc3 e4 20. fxe4 Bxe4 21. d5 Qb7 22. Nxe4 Nxe4 23. Qd4 Ndf6 24. d6 Nxd6 25. Bf4 Nde4 26. Rad1 Qe7 27. Bg2 h6 28. Bd6 Nxd6 29. Bxa8 Nf5 30. Qf2 Ne3 31. Bf3 Nxd1 32. Rxd1 Ne4 33. Qe3 Qc5 34. Rd4 Nf6 35. Qd2 a5 36. e3 b4 37. axb4 axb4 38. Kf2 c3 39. Qc2 g6 40. bxc3 bxc3 41. Rd3 Rc8 42. Kg2 Qf5 43. h3 Qxd3 0-1

[Event "3rd BSSZ-Aranytiz GM 2019"]
[Site "Budapest"]
[Date "2019.08.22"]
[Round "6.4"]
[White "Csonka, Balazs"]
[Black "Aczel, Gergely"]
[Result "1/2-1/2"]
[ECO "B52"]
[WhiteElo "2472"]
[BlackElo "2538"]
[Annotator "ChessBase"]
[PlyCount "93"]
[EventDate "2019.08.16"]
[EventType "tourn"]
[EventCountry "HUN"]
[SourceTitle "playchess.com"]
[Source "ChessBase"]
[SourceQuality "1"]
[TimeControl "40/5400+30:1800+30"]

1. e4 c5 2. Nf3 d6 3. Bb5+ Bd7 4. Bxd7+ Qxd7 5. c4 e5 6. Nc3 Nc6 7. d3 g6 8. a3 Bg7 9. Rb1 Nge7 10. b4 O-O 11. O-O f5 12. Bg5 Rae8 13. Bxe7 Nxe7 14. Qa4 Qxa4 15. Nxa4 b6 16. b5 Bf6 17. Nc3 Ra8 18. Rb3 f4 19. a4 a5 20. bxa6 Rxa6 21. Rfb1 Nc8 22. g4 Bd8 23. Kg2 Kf7 24. h4 h6 25. Rh1 Ke6 26. h5 g5 27. Ne1 Rf7 28. f3 Rfa7 29. Nc2 Ne7 30. Ra1 Nc6 31. Kf2 Nd4 32. Rb2 Nxc2 33. Rxc2 Kd7 34. Rca2 Kc6 35. Ke2 Ra8 36. Kd1 R8a7 37. Kc2 Ra8 38. Rb1 R8a7 39. Rb3 Ra8 40. Rb5 R8a7 41. Kb3 Ra8 42. Nd5 Ra5 43. Rxa5 bxa5 44. Rb2 Rb8+ 45. Kc2 Rxb2+ 46. Kxb2 Kb7 47. Nb6 1/2-1/2

[Event "3rd BSSZ-Aranytiz GM 2019"]
[Site "Budapest"]
[Date "2019.08.22"]
[Round "6.5"]
[White "Horvath, Adam"]
[Black "Horvath, Dominik"]
[Result "1/2-1/2"]
[ECO "B40"]
[WhiteElo "2517"]
[BlackElo "2425"]
[Annotator "ChessBase"]
[PlyCount "46"]
[EventDate "2019.08.16"]
[EventType "tourn"]
[EventCountry "HUN"]
[SourceTitle "playchess.com"]
[Source "ChessBase"]
[SourceQuality "1"]
[TimeControl "40/5400+30:1800+30"]

1. e4 c5 2. Nf3 e6 3. d4 cxd4 4. Nxd4 Bc5 5. Nb3 Bb6 6. N1d2 d5 7. Bd3 Ne7 8. O-O O-O 9. Qh5 Nd7 10. exd5 Nf6 11. Qh4 exd5 12. Nf3 Nf5 13. Bxf5 Bxf5 14. Nbd4 Qc8 15. Bg5 Ne4 16. Be3 Bg6 17. h3 Bd8 18. Qf4 Bc7 19. Qh4 Re8 20. Rad1 Bd8 21. Qf4 Bc7 22. Qh4 Bd8 23. Qf4 Bc7 1/2-1/2

[Event "3rd BSSZ-Aranytiz GM 2019"]
[Site "Budapest"]
[Date "2019.08.23"]
[Round "7.1"]
[White "Horvath, Dominik"]
[Black "Martinovici, Ilie"]
[Result "1-0"]
[ECO "D02"]
[WhiteElo "2425"]
[BlackElo "2405"]
[Annotator "NA"]
[PlyCount "77"]
[EventDate "2019.08.16"]
[EventType "tourn"]
[EventCountry "HUN"]
[SourceTitle "playchess.com"]
[Source "ChessBase"]
[SourceQuality "1"]
[TimeControl "40/5400+30:1800+30"]

1. Nf3 d5 2. d4 Nf6 3. c4 e6 4. g3 Bb4+ 5. Nbd2 O-O 6. Bg2 dxc4 7. a3 Ba5 8. O-O c3 9. Nc4 cxb2 10. Bxb2 c6 11. Qc2 Nbd7 12. Rfd1 Bc7 13. Rac1 Nb6 14. Nce5 Bd7 15. e3 Qe7 16. h4 Rac8 17. Nd3 Rfd8 18. Qb3 Rb8 19. Nc5 Be8 20. a4 Nfd7 21. Ne4 Nc8 22. Ba3 Nd6 23. Ne5 Nf6 24. Nc5 Bb6 25. Ncd3 Qc7 26. Nf4 Rbc8 27. Bh3 Nf5 28. Nxe6 fxe6 29. Bxf5 Kh8 30. Bxe6 Rb8 31. Bf7 Nd5 32. Bxe8 Rxe8 33. a5 Bxa5 34. e4 Nf6 35. Bd6 Qc8 36. Nf7+ Kg8 37. Nh6+ Kh8 38. Qg8+ Nxg8 39. Nf7# 1-0

[Event "3rd BSSZ-Aranytiz GM 2019"]
[Site "Budapest"]
[Date "2019.08.23"]
[Round "7.3"]
[White "Kozak, Adam"]
[Black "Csonka, Balazs"]
[Result "1-0"]
[ECO "A05"]
[WhiteElo "2495"]
[BlackElo "2472"]
[Annotator "ChessBase"]
[PlyCount "153"]
[EventDate "2019.08.16"]
[EventType "tourn"]
[EventCountry "HUN"]
[SourceTitle "playchess.com"]
[Source "ChessBase"]
[SourceQuality "1"]
[TimeControl "40/5400+30:1800+30"]

1. Nf3 Nf6 2. g3 d5 3. Bg2 e6 4. O-O Be7 5. c4 O-O 6. b3 b6 7. Nc3 Bb7 8. e3 c5 9. Bb2 Qc8 10. Qe2 Rd8 11. Rfd1 Nc6 12. d3 d4 13. exd4 Nxd4 14. Nxd4 cxd4 15. Ne4 Nxe4 16. Bxe4 Bxe4 17. Qxe4 Qd7 18. Re1 a5 19. Rab1 a4 20. Re2 h6 21. Bc1 axb3 22. axb3 Bb4 23. Bf4 Ra5 24. Qf3 Rf5 25. Qg2 Ra5 26. h4 Re8 27. Qf3 e5 28. Bd2 Bxd2 29. Rxd2 e4 30. dxe4 Rae5 31. Re1 f5 32. Qd1 Rxe4 33. Rxe4 Rxe4 34. f3 Re3 35. Rxd4 Re1+ 36. Qxe1 Qxd4+ 37. Kg2 Qb2+ 38. Kh3 Qxb3 39. Qe6+ Kh8 40. Qc8+ Kh7 41. Qxf5+ Kh8 42. Qd5 Qb2 43. h5 Kh7 44. Kg4 Kh8 45. Kf5 Qf6+ 46. Ke4 Qe7+ 47. Kd3 Qa3+ 48. Ke4 Qe7+ 49. Kd4 Qb4 50. g4 Qb2+ 51. Ke4 Kh7 52. Qc6 Qc3 53. Kf5 Qe3 54. Qe4 Qc5+ 55. Ke6+ Kh8 56. Qd5 Qc7 57. Kf5 Kh7 58. Ke4 Qe7+ 59. Kd4 Qb4 60. Qc6 Qa5 61. Qb5 Qd2+ 62. Ke5 Qd8 63. Qc6 Kh8 64. Ke6 Kg8 65. f4 Qf6+ 66. Kd5 Qd8+ 67. Qd6 Qa8+ 68. Ke5 Qa1+ 69. Ke6 Qc3 70. Qd5 Kh8 71. g5 hxg5 72. fxg5 Qh3+ 73. Kf7 Qf1+ 74. Kg6 Qf8 75. Qe5 Kg8 76. Qe6+ Kh8 77. h6 1-0

[Event "3rd BSSZ-Aranytiz GM 2019"]
[Site "Budapest"]
[Date "2019.08.23"]
[Round "7.4"]
[White "Secheres, Adrian-Simion"]
[Black "Akshat, Khamparia"]
[Result "1/2-1/2"]
[ECO "C54"]
[WhiteElo "2394"]
[BlackElo "2393"]
[Annotator "NA"]
[PlyCount "45"]
[EventDate "2019.08.16"]
[EventType "tourn"]
[EventCountry "HUN"]
[SourceTitle "playchess.com"]
[Source "ChessBase"]
[SourceQuality "1"]
[TimeControl "40/5400+30:1800+30"]

1. e4 e5 2. Nf3 Nc6 3. Bc4 Bc5 4. c3 Nf6 5. d3 d6 6. O-O Bb6 7. Nbd2 Ne7 8. Bb3 c6 9. d4 Bc7 10. Re1 O-O 11. Nf1 Ng6 12. Ng3 h6 13. h3 Re8 14. Bc2 a5 15. Be3 Nf4 16. Nf5 g6 17. Bxf4 exf4 18. Nxh6+ Kg7 19. e5 Kxh6 20. exf6 Rxe1+ 21. Qxe1 Qxf6 22. Qe8 Kg7 23. Re1 1/2-1/2

[Event "3rd BSSZ-Aranytiz GM 2019"]
[Site "Budapest"]
[Date "2019.08.23"]
[Round "7.5"]
[White "Polyik, Peter"]
[Black "Farago, Ivan"]
[Result "1/2-1/2"]
[ECO "E20"]
[WhiteElo "2328"]
[BlackElo "2350"]
[Annotator "NA"]
[PlyCount "35"]
[EventDate "2019.08.16"]
[EventType "tourn"]
[EventCountry "HUN"]
[SourceTitle "playchess.com"]
[Source "ChessBase"]
[SourceQuality "1"]
[TimeControl "40/5400+30:1800+30"]

1. d4 e6 2. c4 Nf6 3. Nc3 Bb4 4. g3 O-O 5. Bg2 d5 6. Nf3 c5 7. cxd5 Nxd5 8. Bd2 cxd4 9. Nxd4 Nxc3 10. Bxc3 Bxc3+ 11. bxc3 e5 12. Nb3 Qc7 13. O-O Be6 14. Qc1 Nd7 15. Qa3 a5 16. Rab1 Qxc3 17. Bxb7 Ra7 18. Bf3 1/2-1/2

[Event "3rd BSSZ-Aranytiz GM 2019"]
[Site "Budapest"]
[Date "2019.08.24"]
[Round "8.1"]
[White "Martinovici, Ilie"]
[Black "Farago, Ivan"]
[Result "0-1"]
[ECO "E32"]
[WhiteElo "2405"]
[BlackElo "2350"]
[Annotator "NA"]
[PlyCount "111"]
[EventDate "2019.08.16"]
[EventType "tourn"]
[EventCountry "HUN"]
[SourceTitle "playchess.com"]
[Source "ChessBase"]
[SourceQuality "1"]
[TimeControl "40/5400+30:1800+30"]

1. d4 Nf6 2. c4 e6 3. Nc3 Bb4 4. Qc2 O-O 5. e4 d5 6. e5 Ne4 7. Bd3 c5 8. Nf3 cxd4 9. Nxd4 Nd7 10. Bf4 Qh4 11. g3 Qh5 12. h4 f6 13. Nxe6 Nxe5 14. Nxf8 Qf3 15. Bxe4 dxe4 16. Rf1 Nd3+ 17. Kd2 Bg4 18. Qd1 Qxd1+ 19. Raxd1 Bxd1 20. Kxd1 Bxc3 21. bxc3 Rxf8 22. Be3 Rc8 23. Kd2 b6 24. Bd4 Nb2 25. Kc2 Nxc4 26. Re1 Nd6 27. a4 Kf7 28. Kb3 f5 29. a5 Nb5 30. axb6 axb6 31. Ra1 g6 32. Bxb6 Nxc3 33. Ra7+ Kg8 34. Bd4 Nb5 35. Rg7+ Kf8 36. Bb2 Rc7 37. Rxc7 Nxc7 38. Kc4 Kf7 39. Be5 Ne8 40. Kd5 Nf6+ 41. Kd6 Ng4 42. Bd4 g5 43. hxg5 Kg6 44. Bb6 Kxg5 45. Bd8+ Kg6 46. Bb6 f4 47. Kd5 Kf5 48. Bc5 h5 49. Bb6 Nxf2 50. Bxf2 e3 51. Bg1 e2 52. Bf2 fxg3 53. Bxg3 Kg4 54. Bf2 h4 55. Ke4 h3 56. Kd4 0-1

[Event "3rd BSSZ-Aranytiz GM 2019"]
[Site "Budapest"]
[Date "2019.08.24"]
[Round "8.2"]
[White "Akshat, Khamparia"]
[Black "Polyik, Peter"]
[Result "1/2-1/2"]
[ECO "D38"]
[WhiteElo "2393"]
[BlackElo "2328"]
[Annotator "NA"]
[PlyCount "31"]
[EventDate "2019.08.16"]
[EventType "tourn"]
[EventCountry "HUN"]
[SourceTitle "playchess.com"]
[Source "ChessBase"]
[SourceQuality "1"]
[TimeControl "40/5400+30:1800+30"]

1. d4 d5 2. c4 e6 3. Nc3 Bb4 4. Nf3 Nf6 5. g3 dxc4 6. Bg2 Nc6 7. O-O O-O 8. a3 Be7 9. e4 a6 10. Be3 Na5 11. Qe2 c6 12. Ne5 b5 13. Rad1 Bb7 14. f4 Nb3 15. f5 exf5 16. Rxf5 1/2-1/2

[Event "3rd BSSZ-Aranytiz GM 2019"]
[Site "Budapest"]
[Date "2019.08.24"]
[Round "8.3"]
[White "Csonka, Balazs"]
[Black "Secheres, Adrian-Simion"]
[Result "1-0"]
[ECO "B41"]
[WhiteElo "2472"]
[BlackElo "2394"]
[Annotator "ChessBase"]
[PlyCount "95"]
[EventDate "2019.08.16"]
[EventType "tourn"]
[EventCountry "HUN"]
[SourceTitle "playchess.com"]
[Source "ChessBase"]
[SourceQuality "1"]
[TimeControl "40/5400+30:1800+30"]

1. e4 c5 2. Nf3 e6 3. d4 cxd4 4. Nxd4 a6 5. c4 Nf6 6. Nc3 Qc7 7. Be2 b6 8. O-O Bb7 9. Qd3 Nc6 10. Nxc6 dxc6 11. f4 Bb4 12. e5 Bxc3 13. Qxc3 Nd7 14. Be3 c5 15. Rad1 O-O 16. Rd6 Rfc8 17. Rfd1 Nf8 18. b4 Be4 19. Bf1 h6 20. a3 Qb7 21. Qb2 Ng6 22. bxc5 bxc5 23. Qxb7 Bxb7 24. Rb6 Be4 25. Rd7 h5 26. g3 h4 27. Kf2 a5 28. Bg2 Bxg2 29. Kxg2 Rab8 30. Bxc5 Rxb6 31. Bxb6 Rxc4 32. Bxa5 Rc2+ 33. Rd2 Rc4 34. Rd8+ Kh7 35. Rd7 Rc2+ 36. Kh3 Kg8 37. Rd8+ Kh7 38. Bb4 Rc4 39. Rb8 f6 40. exf6 gxf6 41. a4 e5 42. f5 Nh8 43. Rb7+ Kg8 44. a5 Nf7 45. a6 Ng5+ 46. Kg2 h3+ 47. Kf1 Rc1+ 48. Be1 1-0

[Event "3rd BSSZ-Aranytiz GM 2019"]
[Site "Budapest"]
[Date "2019.08.24"]
[Round "8.4"]
[White "Horvath, Adam"]
[Black "Kozak, Adam"]
[Result "1/2-1/2"]
[ECO "C65"]
[WhiteElo "2517"]
[BlackElo "2495"]
[Annotator "ChessBase"]
[PlyCount "174"]
[EventDate "2019.08.16"]
[EventType "tourn"]
[EventCountry "HUN"]
[SourceTitle "playchess.com"]
[Source "ChessBase"]
[SourceQuality "1"]
[TimeControl "40/5400+30:1800+30"]

1. e4 e5 2. Nf3 Nc6 3. Bb5 Nf6 4. d3 Bc5 5. c3 O-O 6. O-O Re8 7. d4 Bb6 8. d5 Ne7 9. Nxe5 Nxe4 10. Qf3 Nf6 11. d6 cxd6 12. Nc4 Bc7 13. Bg5 Ng6 14. Ne3 Re5 15. Bxf6 Qxf6 16. Qxf6 gxf6 17. a4 b6 18. Ng4 Re6 19. Nd2 Kg7 20. Nb3 a6 21. Bc4 Bb7 22. Rfd1 Nf4 23. Ne3 Rae8 24. Nd4 Kf8 25. Bf1 Re5 26. g3 Ne6 27. Bg2 Bxg2 28. Kxg2 h5 29. h4 Nc5 30. b4 Ne4 31. Ndf5 R5e6 32. Nd5 Bd8 33. f4 Kg8 34. Rd3 Kh7 35. Rad1 Kg6 36. Nd4 f5 37. Kf3 Bf6 38. Nxe6 dxe6 39. Nxb6 Bxc3 40. Rxd6 Nxd6 41. Rxd6 Bxb4 42. Rc6 a5 43. Nc4 f6 44. Ke2 Kf7 45. Rb6 Rd8 46. Rb7+ Kg6 47. Rb5 Ra8 48. Nb2 Rc8 49. Nd3 Rc2+ 50. Kf3 Rc3 51. Ke2 Rc2+ 52. Kf3 Bd2 53. Rb6 Kf7 54. Rb7+ Kg6 55. Rb6 Rc4 56. Rxe6 Rxa4 57. Ra6 Ra3 58. Ke2 Ra2 59. Ne5+ Kg7 60. Ra7+ Kg8 61. Ra8+ Kg7 62. Ra7+ Kf8 63. Nd7+ Ke7 64. Kd3 Bb4 65. Ne5+ Ke6 66. Nc4 Rg2 67. Kd4 Rxg3 68. Ra6+ Kf7 69. Ra7+ Kg6 70. Ra6 Bc3+ 71. Kc5 Kg7 72. Ra7+ Kh6 73. Kd5 Kg6 74. Ra8 Rg4 75. Ke6 Rxf4 76. Nd6 Bb4 77. Rg8+ Kh7 78. Ra8 Bxd6 79. Kxd6 a4 80. Ke7 Kg7 81. Ke6 a3 82. Rxa3 Kg6 83. Ra8 Re4+ 84. Kd5 Rxh4 85. Rg8+ Kf7 86. Ra8 Re4 87. Rb8 h4 1/2-1/2

[Event "3rd BSSZ-Aranytiz GM 2019"]
[Site "Budapest"]
[Date "2019.08.24"]
[Round "8.5"]
[White "Horvath, Dominik"]
[Black "Aczel, Gergely"]
[Result "1-0"]
[ECO "A13"]
[WhiteElo "2425"]
[BlackElo "2538"]
[Annotator "ChessBase"]
[PlyCount "185"]
[EventDate "2019.08.16"]
[EventType "tourn"]
[EventCountry "HUN"]
[SourceTitle "playchess.com"]
[Source "ChessBase"]
[SourceQuality "1"]
[TimeControl "40/5400+30:1800+30"]

1. c4 e6 2. g3 d5 3. Bg2 Nf6 4. d4 Nbd7 5. Nf3 dxc4 6. O-O c6 7. a4 a5 8. Qc2 Nd5 9. Qxc4 Nb4 10. Nc3 b6 11. Rd1 Be7 12. e4 Ba6 13. Qb3 O-O 14. Be3 c5 15. dxc5 bxc5 16. Bf1 Bxf1 17. Kxf1 Qc8 18. Nd2 Ne5 19. Nc4 Nxc4 20. Qxc4 Nc2 21. Rac1 Nxe3+ 22. fxe3 Qb8 23. Nb5 Qe5 24. b3 Rfd8 25. Qc2 Bg5 26. Ke2 Bh6 27. Rxd8+ Rxd8 28. Rd1 Rf8 29. Nd6 Qh5+ 30. Ke1 Bxe3 31. Qe2 Qh6 32. Kf1 Qh3+ 33. Qg2 Qg4 34. Qe2 Qh3+ 35. Qg2 Qh6 36. Qe2 Bd4 37. Kg2 Qg6 38. Rf1 h5 39. Nc4 Ra8 40. Nd6 Rf8 41. Nc4 Ra8 42. Nd6 Rb8 43. Rf3 Rd8 44. Nxf7 Rf8 45. Nd6 Rxf3 46. Qxf3 Be5 47. Nb7 Qg5 48. Nxc5 h4 49. Qf8+ Kh7 50. Nxe6 h3+ 51. Kf3 Qh5+ 52. Kf2 Bf6 53. Qd6 Qf7 54. Ke3 Qb7 55. Qd5 Qb6+ 56. Kf3 Qg1 57. Qh5+ Kg8 58. Qe8+ Kh7 59. Nf8+ Kg8 60. Nd7+ Kh7 61. Nxf6+ gxf6 62. Qf7+ Kh8 63. Qxf6+ Kg8 64. Qd8+ Kg7 65. Qd2 Qh1+ 66. Ke3 Qg1+ 67. Qf2 Qb1 68. Kf4 Qxb3 69. Qa7+ Kg6 70. Qxa5 Qc2 71. Qf5+ Kg7 72. Qd7+ Kg6 73. Qf5+ Kg7 74. Qg4+ Kf7 75. Qh5+ Kg7 76. Kg4 Qxh2 77. Qxh3 Qc2 78. Kh5 Qxa4 79. Qg4+ Kh8 80. Qe6 Qd4 81. e5 Qd1+ 82. Qg4 Qd5 83. Qf5 Kg7 84. Qf6+ Kh7 85. Qe7+ Kh8 86. Qf6+ Kh7 87. g4 Qh1+ 88. Kg5 Qc1+ 89. Qf4 Qc5 90. Qf7+ Kh8 91. Kg6 Qc2+ 92. Qf5 Qc6+ 93. Qf6+ 1-0

[Event "3rd BSSZ-Aranytiz GM 2019"]
[Site "Budapest"]
[Date "2019.08.25"]
[Round "9.1"]
[White "Aczel, Gergely"]
[Black "Martinovici, Ilie"]
[Result "1/2-1/2"]
[ECO "D35"]
[WhiteElo "2538"]
[BlackElo "2405"]
[Annotator "ChessBase"]
[PlyCount "119"]
[EventDate "2019.08.16"]
[EventType "tourn"]
[EventCountry "HUN"]
[SourceTitle "playchess.com"]
[Source "ChessBase"]
[SourceQuality "1"]
[TimeControl "40/5400+30:1800+30"]

1. d4 Nf6 2. c4 e6 3. Nc3 d5 4. cxd5 exd5 5. Bg5 Be7 6. e3 c6 7. Bd3 O-O 8. h3 Nbd7 9. Qc2 Re8 10. Nf3 Nf8 11. O-O g6 12. Bh6 Ne6 13. Ne5 Ng7 14. g4 c5 15. Bb5 Rf8 16. dxc5 Bxc5 17. Rad1 Bd6 18. Bf4 Qc7 19. Nd3 a6 20. Ba4 Ne6 21. Ne2 Nxf4 22. Ndxf4 Qe7 23. Bb3 Be6 24. Bxd5 Nxd5 25. Nxd5 Qh4 26. Nf6+ Qxf6 27. Rxd6 Rac8 28. Qb1 Qg5 29. Nf4 Bc4 30. Rfd1 f5 31. b3 Bf7 32. f3 Rfe8 33. Qd3 h5 34. Kh2 hxg4 35. fxg4 fxg4 36. Rg1 Qf5 37. Rxg4 Rc2+ 38. Kg3 Qxd3 39. Rxd3 Rxa2 40. Nxg6 Be6 41. Rg5 Rb2 42. Nf4+ Kf7 43. Nxe6 Rxe6 44. Rf5+ Kg6 45. Rf3 a5 46. h4 b5 47. h5+ Kh6 48. Rf5 Rb6 49. Kf4 a4 50. bxa4 bxa4 51. Ra5 R2b5 52. Rxa4 Rxh5 53. Rdd4 Kg6 54. Ra8 Rf6+ 55. Ke4 Re6+ 56. Kd3 Rh3 57. Rg4+ Kf6 58. Rf4+ Kg7 59. Ra7+ Kg6 60. Re4 1/2-1/2

[Event "3rd BSSZ-Aranytiz GM 2019"]
[Site "Budapest"]
[Date "2019.08.25"]
[Round "9.3"]
[White "Secheres, Adrian-Simion"]
[Black "Horvath, Adam"]
[Result "1-0"]
[ECO "E38"]
[WhiteElo "2394"]
[BlackElo "2517"]
[Annotator "ChessBase"]
[PlyCount "99"]
[EventDate "2019.08.16"]
[EventType "tourn"]
[EventCountry "HUN"]
[SourceTitle "playchess.com"]
[Source "ChessBase"]
[SourceQuality "1"]
[TimeControl "40/5400+30:1800+30"]

1. d4 Nf6 2. c4 e6 3. Nc3 Bb4 4. Qc2 c5 5. dxc5 Bxc5 6. Nf3 a6 7. e3 b6 8. Be2 Bb7 9. b3 Be7 10. Bb2 d6 11. O-O Nbd7 12. Rfd1 Rc8 13. Rac1 Qc7 14. Ba3 O-O 15. Qd2 Nc5 16. Qe1 Rfd8 17. Bb2 Qb8 18. Nd4 Rc7 19. Bf1 Re8 20. Rc2 Qa8 21. f3 Ncd7 22. Qf2 Rcc8 23. Rcd2 Qb8 24. Qg3 Ne5 25. Nde2 Ba8 26. a4 Ned7 27. Nd4 Qa7 28. Bd3 Bf8 29. Bc2 Ne5 30. Kh1 Ng6 31. Qh3 Qb8 32. Nde2 d5 33. cxd5 Nxd5 34. Nxd5 Bxd5 35. Nd4 e5 36. e4 Bb4 37. Rf2 Nf4 38. Qg4 h5 39. Qg3 exd4 40. exd5 Be1 41. Bxd4 g6 42. Be4 Bxf2 43. Qxf2 f5 44. Bxf5 Re2 45. Be6+ Kh7 46. Qh4 Nxe6 47. Qe7+ Kh6 48. dxe6 Rc7 49. Qf6 Qc8 50. Be5 1-0